 Dungeon Crawl Stone Soup version 0.23.2-40-g277498a (webtiles) character file.

Game seed: 259814479452865872

1281 Kurtz the Chopper (level 8, -3/58 HPs)
             Began as a Mummy Chaos Knight on Sept 15, 2019.
             Was a Plaything of Xom.
             Slain by a wraith (4 damage)
             ... in an ossuary.
             The game lasted 00:08:30 (5390 turns).

Kurtz the Chopper (Mummy Chaos Knight)              Turns: 5390, Time: 00:08:31

Health: -3/58      AC: 15    Str: 15    XL:     8   Next: 29%
Magic:  8/8        EV:  4    Int: 11    God:    Xom [*.....]
Gold:   199        SH:  0    Dex: 14    Spells: 7/7 levels left

rFire    . . .     SeeInvis .   a - +0 hand axe (chaos)
rCold    . . .     Gourm    .   (no shield)
rNeg     + + +     Faith    .   r - +0 plate armour
rPois    ∞         Spirit   .   o - +0 helmet
rElec    .         Reflect  .   (no cloak)
rCorr    .         Harm     .   f - +0 pair of gloves
MR       +....                  n - +2 pair of boots
Stlth    ..........             (no amulet)
HPRegen  0.19/turn              g - ring of stealth
MPRegen  0.11/turn              p - ring of fire

@: about to teleport, slowed, very slow
A: no food or potions, fire vulnerability, cold resistance 1, negative energy
resistance 3, torment resistance, unbreathing
a: Renounce Religion


You were in an ossuary.
You worshipped Xom.
You were a special plaything of Xom.
You were not hungry.

You visited 1 branch of the dungeon, and saw 6 of its levels.
You also visited: Sewer and Ossuary.

You collected 199 gold pieces.

Inventory:

Hand Weapons
 a - a +0 hand axe of chaos (weapon)
 u - a +0 hand axe of freezing
 v - a +2 whip of draining
Missiles
 h - 7 javelins (quivered)
 q - 2 tomahawks
Armour
 b - a +2 leather armour
 f - a +0 pair of gloves (worn)
 n - a +2 pair of boots (worn)
 o - a +0 helmet (worn)
 r - a +0 plate armour (worn)
Jewellery
 g - a ring of stealth (left hand)
 k - an uncursed ring of wizardry
 p - a ring of fire (right hand)
Scrolls
 c - 5 scrolls of remove curse
 d - 2 scrolls of enchant weapon
 e - 2 scrolls of teleportation
 i - a scroll of enchant armour
 j - a scroll of fog {unknown}
 l - 2 scrolls of identify
 m - a scroll of fear {unknown}
 s - a scroll of amnesia {unknown}
 t - 2 scrolls of magic mapping
 w - a scroll of immolation {unknown}


   Skills:
 - Level 3.0 Fighting
 * Level 7.3 Axes
 - Level 1.5 Armour
 * Level 1.7 Dodging
 * Level 4.7 Stealth


You had 7 spell levels left.
You didn't know any spells.
Your spell library was empty.

Dungeon Overview and Level Annotations

Branches:
Dungeon (6/15)
 Temple: D:4-7

Altars:
Xom


Innate Abilities, Weirdness & Mutations

You do not eat or drink.
Your flesh is vulnerable to fire.
You are immune to poison.
Your flesh is cold resistant. (rC+)
You are immune to negative energy. (rN+++)
You are immune to unholy pain and torment.
You can survive without breathing.


Message History

Your plate armour prevents you from hitting the wraith.
The wraith is lightly damaged.
The wraith hits you but does no damage. The wraith hits you but does no damage.
The wraith hits you.
* * * LOW HITPOINT WARNING * * *
Unknown command.
The wraith hits you but does no damage.
Unknown command.
You're too confused to move!
You feel less confused. The wraith hits you!
* * * LOW HITPOINT WARNING * * *
The wraith hits you.
* * * LOW HITPOINT WARNING * * *
The wraith drains your vigour!
You feel as though you will be slow longer.
As you read the scroll of teleportation, it crumbles to dust.
You feel strangely unstable. The wraith hits you.
You die...
Xom guffaws!

......###......####..#
..8...# #...8...+ #..#
......#+#......####..#
......#.#............#
..........^..........#
.####.....####.####..#
.# +...8...+ #..+ #..#
^####.^...####.####..#
^^.............W@....#
......#.#............#
...^..#+#......####..#
..8...# #.^.8...'?#..#
....^.###......####..#
..............^......#
.....................#
.#.#..#.#..#.#..#.#..#
.#+#..#+#..#'#..#'#..#


You could see a wraith.

Vanquished Creatures
  Purgy (Sewer)
  2 ice beasts (D:5)
  A centaur (D:6)
  An elf zombie (Ossuary)
  A scorpion (D:4)
  2 howler monkeys
  A quasit (D:5)
  A bullfrog skeleton (D:4)
  A centaur skeleton (D:4)
  2 orc priests (D:5)
  A hound (D:4)
  Natasha (thrice) (D:2)
  5 orc wizards
  2 worker ants (D:4)
  A killer bee zombie (D:6)
  A mummy (Ossuary)
  4 gnolls (D:4)
  7 adders
  A river rat (D:3)
  A shadow imp (D:6)
  2 adder skeletons (D:4)
  4 worms
  A dart slug (D:4)
  7 leopard geckos
  15 orcs
  2 ball pythons
  8 bats
  8 giant cockroaches
  2 gnoll zombies (Ossuary)
  3 goblins
  6 hobgoblins
  8 jackals
  7 kobolds
  2 quokkas
  6 frilled lizards
  A giant cockroach zombie (D:6)
  2 goblin zombies (Ossuary)
  3 hobgoblin zombies (Ossuary)
  A jackal zombie (D:5)
  4 kobold zombies (Ossuary)
  A leopard gecko zombie (D:6)
  4 rats
136 creatures vanquished.

Vanquished Creatures (others)
  7 toadstools (D:6)
7 creatures vanquished.

Grand Total: 143 creatures vanquished

Notes
Turn   | Place    | Note
-------+----------+-------------------------------------------
     0 | D:1      | Kurtz the Mummy Chaos Knight began the quest for the Orb.
     0 | D:1      | Reached XP level 1. HP: 18/18 MP: 1/1
   101 | D:1      | Reached XP level 2. HP: 24/24 MP: 2/2
   135 | D:1      | XOM: potion effect (brilliance)
   138 | D:1      | XOM: potion effect (invisibility)
   144 | D:1      | XOM: potion effect (might)
   150 | D:1      | Reached skill level 3 in Axes
   257 | D:1      | XOM: divination: detect creatures
   349 | D:2      | XOM: divination: detect items
   389 | D:2      | Reached XP level 3. HP: 29/29 MP: 3/3
   427 | D:2      | Noticed Natasha
   440 | D:2      | Killed Natasha
   440 | D:2      | Reached skill level 1 in Stealth
   473 | D:2      | Noticed Natasha
   478 | D:2      | Killed Natasha
   478 | D:2      | Reached XP level 4. HP: 20/35 MP: 4/4
   636 | D:2      | Reached skill level 4 in Axes
  1047 | D:2      | Noticed Natasha
  1057 | D:2      | Killed Natasha
  1276 | D:3      | XOM: divination: magic mapping
  1344 | D:3      | Reached XP level 5. HP: 39/41 MP: 5/5
  1705 | D:3      | Found a glowing drain.
  1709 | Sewer    | Entered a sewer
  1709 | Sewer    | XOM: divination: detect items
  1712 | Sewer    | XOM: stat loss: -1 Dex (12/13)
  1852 | Sewer    | XOM: harmless Conj miscast
  1859 | Sewer    | Noticed Purgy
  1874 | Sewer    | XOM: confuse monster(s)
  1876 | Sewer    | Killed Purgy
  1876 | Sewer    | Reached skill level 5 in Axes
  1876 | Sewer    | Reached XP level 6. HP: 47/47 MP: 6/6
  1969 | Sewer    | Found the +10 zealot's sword {holy, *Rage rN+ EV+3}
  2223 | D:3      | XOM: divination: magic mapping
  2370 | D:3      | XOM: mild Summ miscast
  2371 | D:3      | Noticed a spatial vortex
  2590 | D:3      | XOM: summons 3 hostile demons
  2692 | D:3      | XOM: summons 3 hostile demons
  2782 | D:3      | XOM: cloud trail
  3069 | D:4      | XOM: harmless Hex miscast
  3110 | D:4      | Reached XP level 7. HP: 52/52 MP: 7/7
  3198 | D:4      | Reached skill level 6 in Axes
  3629 | D:4      | XOM: mild Air miscast
  3797 | D:5      | Entered Level 5 of the Dungeon
  3810 | D:5      | XOM: noise
  3822 | D:5      | XOM: repel stairs
  3828 | D:5      | Reached skill level 1 in Dodging
  3988 | D:4      | XOM: scenery: create altars
  4176 | D:5      | XOM: medium Hex miscast
  4177 | D:5      | XOM: swap monsters
  4185 | D:5      | XOM: noise
  4226 | D:5      | Reached XP level 8. HP: 7/58 MP: 8/8
  4867 | D:5      | XOM: summons 4 hostile demons
  4869 | D:5      | XOM: butterfly on damage
  4881 | D:5      | XOM: harmless Hex miscast
  4987 | D:6      | Reached skill level 7 in Axes
  5052 | D:6      | Found a sand-covered staircase.
  5142 | Ossuary  | Entered an ossuary
  5378 | Ossuary  | XOM: confusion
  5384 | Ossuary  | XOM: confusion
  5389 | Ossuary  | HP: 1/58 [wraith (5)]
  5390 | Ossuary  | Slain by a wraith

Skill      XL: |  1  2  3  4  5  6  7  8 |
---------------+-------------------------+-----
Axes           | 3 4 5 6 7 |  7.3
Stealth        | 1 2 3 4 |  4.7
Dodging        | 1 |  1.7
Fighting       | |  3.0
Armour         | |  1.5

Action                   |  1- 3 |  4- 6 |  7- 9 || total
-------------------------+-------+-------+-------++-------
Melee: Hand axe          |    71 |   251 |   330 ||   652
       Whip              |       |       |     5 ||     5
Throw: Javelin           |       |     3 |     2 ||     5
  Use: Scroll            |       |     5 |     2 ||     7
 Stab: Invisible         |     1 |       |       ||     1
       Sleeping          |       |    10 |     2 ||    12
       Confused          |       |     3 |     1 ||     4
       Petrified         |       |     6 |     8 ||    14
       Paralysed         |       |       |     1 ||     1
Armor: Leather armour    |    28 |    93 |    27 ||   148
       Plate armour      |       |       |   302 ||   302
Dodge: Dodged            |    69 |   158 |    80 ||   307
